 Dungeon Crawl Stone Soup version 0.26.0-16-gc1dbca0489 (webtiles) character file.

Game seed: 4617078462753429962

245 kaeus the Cutter (level 6, 0/58 HPs)
             Began as a Kobold Berserker on Jan 20, 2021.
             Was a Believer of Trog.
             Succumbed to a worker ant's poison
             ... on level 4 of the Dungeon.
             The game lasted 00:05:55 (3480 turns).

kaeus the Cutter (Kobold Berserker)                 Turns: 3480, Time: 00:05:56

Health: 0/58       AC: 23    Str: 15    XL:     6   Next: 32%
Magic:  6/6        EV:  3    Int:  8    God:    Trog [**....]
Gold:   171        SH:  0    Dex: 16    Spells: 5/5 levels left

rFire    . . .     SeeInvis .   k - +2 dagger (speed)
rCold    . . .     Faith    .   (shield restricted)
rNeg     + + +     Spirit   .   (armour currently unavailable)
rPois    +         Reflect  .   (helmet currently unavailable)
rElec    .         Harm     .   (cloak currently unavailable)
rCorr    .         Rampage  .   (gloves currently unavailable)
Will     .....     NoTele   +   (boots currently unavailable)
Stlth    ++++......             (no amulet)
HPRegen  0.19/turn              (no ring)
MPRegen  0.10/turn              (no ring)

@: lethally poisoned (0 -> -12), tree-form
A: small, nightstalker 3
a: Renounce Religion, Berserk, Trog's Hand


You were on level 4 of the Dungeon.
You worshipped Trog.
Trog was pleased with you.
You were a tree.
You visited 1 branch of the dungeon, and saw 4 of its levels.

You collected 171 gold pieces.

Inventory:

Hand Weapons
 k - a +2 dagger of speed (weapon)
Armour
 b - a +0 animal skin (melded)
 j - a +0 cloak
 r - a scarf of harm (melded)
Wands
 v - a wand of digging (2)
Scrolls
 a - 2 scrolls of teleportation {unknown}
 c - 3 scrolls of immolation {unknown}
 f - 2 scrolls of identify {unknown}
 i - a scroll of noise {unknown}
 m - 2 scrolls of fear {unknown}
 n - a scroll of magic mapping {unknown}
 o - 3 scrolls of remove curse {unknown}
 s - a scroll of random uselessness {unknown}
 t - a scroll of fog {unknown}
 u - a scroll of enchant armour {unknown}
Potions
 d - a potion of brilliance {unknown}
 e - a potion of attraction {unknown}
 g - a potion of haste {unknown}
 h - a potion of mutation {unknown}
 l - a potion of lignification
 p - a potion of flight {unknown}
 q - a potion of berserk rage {unknown}


   Skills:
 + Level 4.6 Fighting
 + Level 5.5 Short Blades
 - Level 1.5 Armour
 + Level 4.2 Dodging
 + Level 3.9 Stealth


You had 5 spell levels left.
You didn't know any spells.
Your spell library was empty.

Dungeon Overview and Level Annotations

Branches:
Dungeon (4/15)             Temple (0/1) D:4

Altars:
Makhleb
Okawaru

Annotations:
D:4 3 runed translucent doors, boopsy's ghost, novice TrAr


Innate Abilities, Weirdness & Mutations

You are small and have problems with some larger weapons.
You are completely attuned to the shadows.


Message History

* * * LOW HITPOINT WARNING * * *
You hit the worker ant.
The worker ant is almost dead.
You hit the worker ant but do no damage.
The worker ant is almost dead.
* * * LOW HITPOINT WARNING * * *
You feel sick. The worker ant misses you.
You closely miss the worker ant.
The worker ant is almost dead.
* * * LOW HITPOINT WARNING * * *
You feel sick.
You hit the worker ant.
The worker ant is almost dead.
The worker ant bites you.
* * * LOW HITPOINT WARNING * * *
It was a potion of lignification.
You turn into a tree.
Your scarf of harm melds into your body.
Your +0 animal skin melds into your body.
Your roots penetrate the ground.
You die...

.....###..^...#
#)#....###
....#.#.#....##
#....###
......#.....#######..#
.#....#..............#
.##........#########.#
...........# #.#
.####...##.# #.#
......####.#########)#
####### #.....B♣....#
.###########


You could see a worker ant.

Vanquished Creatures
  An ogre (D:4)
  8 adders
  An ooze (D:2)
  2 worms (D:2)
  2 dart slugs
  3 leopard geckos
  An orc (D:3)
  3 giant cockroaches
  10 goblins
  9 hobgoblins
  7 jackals (D:1)
  2 quokkas
  5 bats
  4 frilled lizards
  7 kobolds
  A leopard gecko skeleton (D:4)
  5 rats
71 creatures vanquished.

Notes
Turn   | Place    | Note
-------+----------+-------------------------------------------
     0 | D:1      | kaeus the Kobold Berserker began the quest for the Orb.
     0 | D:1      | Reached XP level 1. HP: 14/14 MP: 1/1
   356 | D:1      | Reached XP level 2. HP: 19/19 MP: 2/2
   361 | D:1      | Reached skill level 1 in Stealth
   634 | D:1      | Reached XP level 3. HP: 23/23 MP: 3/3
  1295 | D:2      | Reached ** piety under Trog
  1296 | D:2      | Reached XP level 4. HP: 24/29 MP: 4/4
  2008 | D:2      | Reached XP level 5. HP: 33/33 MP: 5/5
  2087 | D:2      | Reached skill level 5 in Short Blades
  2548 | D:3      | Found an iron altar of Okawaru.
  2549 | D:3      | Found a burning altar of Makhleb.
  3287 | D:4      | Noticed an ogre
  3291 | D:4      | Killed an ogre
  3292 | D:4      | Reached XP level 6. HP: 39/39 MP: 6/6
  3317 | D:4      | Found a runed translucent gate.
  3317 | D:4      | Noticed boopsy's ghost (novice TrAr)
  3318 | D:4      | Found a runed translucent gate.
  3319 | D:4      | Found a runed translucent gate.
  3347 | D:4      | Found a staircase to the Ecumenical Temple.
  3479 | D:4      | HP: 1/39 [worker ant (7)]
  3480 | D:4      | Succumbed to a worker ant's poison

Illustrated notes

Levels and vault maps discovered:
D:1:      sevenhm_arrival_forest_fort_small_3, layout_loops_ring
D:2:      layout_basic, minmay_door_square, minmay_close_crescents
D:3:      layout_basic, chequers_temple_overflow_statue_of_worship
D:4:      minmay_diamond_boxcup, layout_loops_ring, minmay_temple_entry_arrows,
          ebering_ghost_rock_garden, serial_glass, glass_columns_c,
          glass_columns_a, due_unseen_surprise, minmay_strange_pillars,
          item_on_display_a

Skill      XL: |  1  2  3  4  5 |
---------------+----------------+-----
Stealth        | 1 2 3 |  3.9
Dodging        | 3 4 |  4.2
Fighting       | 4 |  4.6
Short Blades   | 5 |  5.5
Armour         | |  1.5

Action                   |  1- 3 |  4- 6 || total
-------------------------+-------+-------++-------
Melee: Short sword       |    60 |       ||    60
       Dagger            |    23 |   139 ||   162
  Use: Potion            |       |     1 ||     1
 Stab: Sleeping          |    15 |    20 ||    35
Armor: Animal skin       |     3 |     5 ||     8
Dodge: Dodged            |    32 |    58 ||    90
